 Dungeon Crawl Stone Soup version 0.29.1-1-gd02db6906a (webtiles) character file.

Game seed: 6985084948740081207

691 Godmorgon the Magician (level 7, -17/51 HPs)
             Began as a Djinni Ice Elementalist on Oct 2, 2022.
             Demolished by an ogre
             ... wielding a +0 giant club
              (23 damage)
             ... on level 5 of the Dungeon.
             The game lasted 00:24:57 (5025 turns).

Godmorgon the Magician (Djinni Ice Elementalist)    Turns: 5025, Time: 00:24:57

Health: -17/51     AC:  3    Str:  7    XL:     7   Next: 95%
Gold:   116        EV: 10    Int: 23    God:
                   SH:  0    Dex: 13

rFire   + + .      SeeInvis .   a - +6 rapier of Excruciating Pain {freeze, rN+ Int+4 Stlth-}
rCold   x . .      Faith    .   (no shield)
rNeg    + . .      Spirit   .   f - +0 robe
rPois   ∞          Reflect  .   n - +0 helmet
rElec   .          Harm     .   (no cloak)
rCorr   .          Rampage  .   (no gloves)
Will    .....                   (boots unavailable)
Stlth   +.........              (no amulet)
HPRegen 0.17/turn               v - +4 ring of evasion
MPRegen 0.00/turn               (no ring)

@: flying, held
A: sickness immunity, fire resistance 2, cold vulnerability 1, float, innate
caster, HP casting, extra vitality 1
a: no special abilities


You were on level 5 of the Dungeon.
You visited 1 branch of the dungeon, and saw 5 of its levels.

You collected 148 gold pieces.
You spent 32 gold pieces at shops.

Inventory:

Hand Weapons
 a - the +6 rapier of Excruciating Pain (weapon) {freeze, rN+ Int+4 Stlth-}
   (You found it on level 4 of the Dungeon)

   It freezes those it strikes, dealing additional cold damage.
   It can also slow down cold-blooded creatures.
   Int:       It affects your intelligence (+4).
   rN:        It protects you from negative energy.
   Stlth:     It makes you less stealthy.
Missiles
 j - 5 boomerangs (quivered)
 l - 15 poisoned darts
Armour
 f - a +0 robe (worn)
 m - a +0 leather armour
 n - a +0 helmet (worn)
Jewellery
 v - a +4 ring of evasion (left hand)
Wands
 r - a wand of charming (8)
 u - a wand of roots (13)
Scrolls
 c - 3 scrolls of enchant weapon
 i - a scroll of amnesia {unknown}
 o - a scroll of immolation {unknown}
 s - a scroll of butterflies {unknown}
Potions
 d - 2 potions of brilliance
 g - a potion of lignification {unknown}
 h - 2 potions of curing {unknown}
 k - a potion of resistance {unknown}
 p - a potion of mutation {unknown}
 q - a potion of degeneration {unknown}
 t - a potion of flight {unknown}
 w - a potion of heal wounds {unknown}
 x - 2 potions of haste {unknown}


   Skills:
 + Level 3.9 Fighting
 * Level 2.1 Short Blades
 + Level 1.4 Armour
 + Level 2.8 Dodging
 - Level 1.5 Stealth
 * Level 5.6 Spellcasting


You couldn't memorise any spells.
You knew the following spells:

 Your Spells              Type           Power      Damage    Failure   Level
a - Ozocubu's Armour      Ice            32%        N/A       2%          3
b - Inner Flame           Hex/Fire       32%        N/A       2%          3
f - Freeze                Ice            100%       1d11      1%          1
h - Hailstorm             Conj/Ice       32%        3d8       9%          4
p - Poisonous Vapours     Pois/Air       64%        N/A       1%          2
r - Frozen Ramparts       Ice            64%        1d10      2%          3
A - Apportation           Tloc           64%        N/A       1%          1
Your spell library was empty.

Dungeon Overview and Level Annotations

Branches:
Dungeon (5/15)
 Temple: D:4-7

Altars:
Uskayaw
Wu Jian
Zin

Shops:
D:2 ((=

Annotations:
D:2 exclusion: 3 doors


Innate Abilities, Weirdness & Mutations

You are immune to sickness and miasma.
You are immune to poison.
Your flesh is very heat resistant. (rF++)
You are vulnerable to cold. (rC-)
You float through the air rather than walking.
You learn spells naturally, not from books.
Your magical power is your life essence.
You have superior vitality. (+4 MHP)


Message History

The wall freezes the gnoll.
The gnoll hits you with a +0 whip.
* * * LOW HITPOINT WARNING * * *
You hit the gnoll. You freeze the gnoll.
The gnoll is severely wounded.
The wall freezes the gnoll.
The gnoll hits you from afar with a +0 spear.
* * * LOW HITPOINT WARNING * * *
The wall freezes the hobgoblin!
You kill the hobgoblin!
The wall freezes the adder.
The adder seems to slow down.
The wall freezes the gnoll!
You kill the gnoll!
Okay, then.
Okay, then.
Casting: Frozen Ramparts (dangerous; 2% risk of failure)
Confirm with . or Enter, or press ? or * to list all spells.
Okay, then.
Press: ? - help, v - describe, . - travel
Here: a gnoll, wielding a +0 spear and quivering a throwing net (heavily wounded)
The floor.
Unknown command.
Throw: 5 boomerangs
Press: ? - help, Q - select action, (/) - cycle Shift-Dir - straight line, f - gnoll
Aim: a gnoll, wielding a +0 spear and quivering a throwing net (heavily wounded, 61% to hit)
You throw a boomerang. The boomerang closely misses the gnoll.
The boomerang closely misses the adder.
The wall freezes the gnoll!
You kill the gnoll!
The wall freezes the adder!
You kill the adder!
Your frozen ramparts will break if you move.
Continue?
The frozen ramparts melt away as you move.
You see here a +0 ring mail.
The gnoll throws a throwing net.
The throwing net hits you.
You become entangled in the net!
You see here a throwing net.
You struggle against the net.
You struggle against the net.
The ogre hits you with a +0 giant club!!
You die...

###.g###..### ###.# #.#
.........)#.## ##.#.# #.#
.##..####).#.###.#..# #.# #..#
##.###†#.###.#########.# #g.#
#.......#####........#.#
#..####.#.#.#.##...###......#
.##...####....##......##.##)###
.............g........##.##)#
###...####.gg..O@.......S.#)#
#..## ##.#####./†.###..#.# #...
#.# ##.#)## #..#)# ##.# # #.#
##..#)# #..#)#
#.####.#.###.#.#.# #..#.# #.
#....g##.###..# #..#.#
#.#....[## ##.# #.# ####.##
##.. #.# ##. ### #.#


You could see an ogre, a gnoll bouda and 2 gnolls.

Vanquished Creatures
  A phantom (D:5)
  2 scorpions
  A hound (D:4)
  An orc priest (D:5)
  A jelly (D:4)
  2 iguanas
  Natasha (thrice) (D:4)
  5 orc wizards
  Robin (D:3)
  3 adders
  2 gnolls (D:5)
  An ufetubus (D:5)
  2 worms
  A dart slug (D:3)
  8 orcs
  7 ball pythons
  2 bats
  4 endoplasms
  3 giant cockroaches
  10 goblins
  9 hobgoblins
  5 quokkas
  4 frilled lizards
  11 kobolds
  4 rats
93 creatures vanquished.

Vanquished Creatures (others)
  8 toadstools (D:2)
8 creatures vanquished.

Grand Total: 101 creatures vanquished

Notes
Turn   | Place    | Note
-------+----------+-------------------------------------------
     0 | D:1      | Godmorgon the Djinni Ice Elementalist began the quest for
                  | the Orb.
     0 | D:1      | Godmorgon set off with the following spells memorised:
                  | Freeze, Frozen Ramparts, Ozocubu's Armour, Hailstorm.
     0 | D:1      | Reached XP level 1. HP: 15/15 MP: 0/0
   305 | D:1      | Reached XP level 2. HP: 11/22 MP: 0/0
   531 | D:1      | You are sucked into a shaft and drop 1 floor!
   754 | D:2      | Reached skill level 1 in Fighting
   754 | D:2      | Reached XP level 3. HP: 21/27 MP: 0/0
   754 | D:2      | Learned a level 1 spell: Apportation
   930 | D:2      | Found Saosar's Antique Weapon Boutique.
  1214 | D:2      | Found Xafi's Jewellery Shop.
  1511 | D:2      | Found Ellehit's Weapon Shop.
  1522 | D:2      | Bought 5 boomerangs for 32 gold pieces
  1944 | D:3      | Reached XP level 4. HP: 22/32 MP: 0/0
  1945 | D:3      | Reached skill level 4 in Spellcasting
  2189 | D:3      | Noticed Robin
  2194 | D:3      | Killed Robin
  2753 | D:4      | Reached XP level 5. HP: 29/38 MP: 0/0
  2753 | D:4      | Learned a level 2 spell: Poisonous Vapours
  3208 | D:4      | Reached XP level 6. HP: 31/45 MP: 0/0
  3326 | D:4      | Reached skill level 5 in Spellcasting
  3373 | D:4      | Noticed a +0 spear
  3373 | D:4      | Noticed a +0 short sword
  3373 | D:4      | Noticed a +0 short sword
  3373 | D:4      | Noticed a +0 dagger
  3373 | D:4      | Noticed a +0 falchion
  3373 | D:4      | Noticed a +0 dagger
  3373 | D:4      | Noticed a +0 falchion
  3374 | D:4      | Noticed a +0 spear
  3376 | D:4      | Found a hide-covered altar of Uskayaw.
  3480 | D:4      | Noticed Natasha
  3498 | D:4      | Killed Natasha
  3525 | D:4      | Noticed Natasha
  3534 | D:4      | Killed Natasha
  3635 | D:4      | Noticed Natasha
  4179 | D:4      | Found an ornate altar of the Wu Jian Council.
  4192 | D:4      | Identified the +6 rapier of Excruciating Pain {freeze, rN+
                  | Int+4 Stlth-}
  4382 | D:4      | Killed Natasha
  4383 | D:4      | Reached XP level 7. HP: 35/50 MP: 0/0
  4383 | D:4      | Learned a level 3 spell: Inner Flame
  4402 | D:4      | Found a glowing silver altar of Zin.
  4609 | D:5      | Entered Level 5 of the Dungeon
  4683 | D:5      | Reached skill level 1 in Short Blades
  4957 | D:5      | Reached skill level 1 in Armour
  5004 | D:5      | HP: 2/51 [gnoll/+0 spear[a gnoll bouda] (3)]
  5025 | D:5      | Demolished by an ogre

Illustrated notes

Levels and vault maps discovered:
D:1:      lemuel_arrival_broad_hall, layout_loops_ring,
          hellmonk_ecumenical_altar_crossroads, bh_walls_and_bars
D:2:      cheibrodos_fertilizer, layout_loops_ring, serial_shops,
          nicolae_shop_crystal, nicolae_shop_temple_entry_statues_fountains,
          nicolae_lakefront_shop, shop
D:3:      layout_rooms, uniq_robin
D:4:      layout_basic, nicolae_wu_jian_glorious_leap,
          lemuel_coloured_pillars_altar, nicolae_uskayaw_en_pointe, uniq_natasha
D:5:      layout_loops_ring, vehumet_altar_wand_db, xom_butterflies,
          temple_statues

Skill      XL: |  1  2  3  4  5  6  7 |
---------------+----------------------+-----
Fighting       | 1 2 3 |  3.9
Spellcasting   | 4 5 |  5.6
Short Blades   | 2 |  2.1
Armour         | 1 |  1.4
Dodging        | |  2.8
Stealth        | |  1.5

Action                   |  1- 3 |  4- 6 |  7- 9 || total
-------------------------+-------+-------+-------++-------
Melee: Short sword       |     3 |       |       ||     3
       Club              |     1 |       |       ||     1
       Dagger            |     1 |    27 |       ||    28
       Rapier            |       |     1 |    28 ||    29
Throw: Stone             |     4 |       |       ||     4
       Dart              |       |    22 |       ||    22
       Boomerang         |       |     2 |     2 ||     4
 Cast: Freeze            |    50 |    30 |     1 ||    81
       Frozen Ramparts   |     1 |     6 |     4 ||    11
       Poisonous Vapours |       |    22 |    18 ||    40
       Ozocubu's Armour  |       |       |     1 ||     1
  Use: Scroll            |       |       |     4 ||     4
 Stab: Sleeping          |     1 |     1 |       ||     2
Armor: Robe              |     5 |     9 |    12 ||    26
Dodge: Dodged            |    21 |    28 |    39 ||    88
